 Dungeon Crawl Stone Soup version 0.30-a0-1164-ge08a67761e (webtiles) character file.

Game seed: 12255899239405780533

1614 Engwar the Cutter (level 9, -7/49 HPs)
             Began as a Kobold Ice Elementalist on Mar 10, 2023.
             Was an Initiate of Kikubaaqudgha.
             Mangled by Gastronok (34 damage)
             ... on level 8 of the Dungeon on Apr 29, 2023.
             The game lasted 00:25:37 (8841 turns).

Engwar the Cutter (Kobold Ice Elementalist)         Turns: 8841, Time: 00:25:38

Health: -7/49      AC:  8    Str:  8    XL:     9   Next: 16%
Magic:  12/17      EV: 14    Int: 24    God:    Kikubaaqudgha [......]
Gold:   65         SH:  4    Dex: 15    Spells: 7/18 levels left

rFire   + + .        o - +4 dagger "Orb Guardian's Peril" {pain, rC+ Str+2 Int+4}
rCold   + . .        q - +0 buckler {rF+}
rNeg    . . .        t - +0 steam dragon scales
rPois   .            (no helmet)
rElec   .            f - scarf {repulsion}
rCorr   .            (no gloves)
SInv    +            c - +2 pair of boots {Fly}
Will    .....        (no amulet)
Stlth   +++++        p - ring of protection from fire
HPRegen 0.28/turn    a - ring of see invisible
MPRegen 0.15/turn

%: repel missiles
@: flying, slowed, studying Short Blades, very slow
A: small, no large weapons, nightstalker 3
a: Renounce Religion


You were on level 8 of the Dungeon.
You worshipped Kikubaaqudgha.
Kikubaaqudgha was noncommittal.
You visited 2 branches of the dungeon, and saw 9 of its levels.

You collected 469 gold pieces.
You spent 404 gold pieces at shops.

Inventory:

Hand Weapons
 m - a +3 dagger of venom
 o - the +4 dagger "Orb Guardian's Peril" (weapon) {pain, rC+ Str+2 Int+4}
   (You found it on level 2 of the Dungeon)

   Str:       It affects your strength (+2).
   Int:       It affects your intelligence (+4).
   rC:        It protects you from cold.
 w - the +0 rapier of Toiwubb {heavy, MP+9 Str-3 Stlth+}
   (You found it on level 5 of the Dungeon)

   Str:       It affects your strength (-3).
   MP:        It affects your magic capacity (+9).
   Stlth:     It makes you more stealthy.
Missiles
 r - a throwing net
Armour
 c - a +2 pair of boots of flying (worn)
 f - a scarf of repulsion (worn)
 q - a +0 buckler of fire resistance (worn)
 t - +0 steam dragon scales (worn)
Jewellery
 a - a ring of see invisible (right hand)
 p - a ring of protection from fire (left hand)
Wands
 d - a wand of polymorph (8)
 u - a wand of charming (10)
 v - a wand of acid (8)
Scrolls
 e - 8 scrolls of teleportation
 k - 2 scrolls of butterflies
Potions
 b - 2 potions of magic
 g - 2 potions of berserk rage
 h - a potion of mutation {unknown}
 i - 3 potions of brilliance
 j - 2 potions of attraction
 l - 4 potions of curing
 n - 4 potions of might
 s - a potion of heal wounds {unknown}
 z - 3 potions of flight


   Skills:
 - Level 2.3 Fighting
 + Level 7.7 Short Blades
 - Level 2.0 Staves
 - Level 2.4 Dodging
 + Level 7.4 Stealth
 + Level 1.3 Shields
 - Level 5.4 Spellcasting
 + Level 4.6 Necromancy
 - Level 4.6 Ice Magic


You had 7 spell levels left.
You knew the following spells:

 Your Spells              Type           Power      Damage    Failure   Level
a - Freeze                Ice            100%       1d10      1%          1
b - Frozen Ramparts       Ice            56%        1d9       6%          3
c - Ozocubu's Armour      Ice            28%        N/A       6%          3
d - Ensorcelled Hibernat  Hex/Ice        34%        N/A       8%          2
e - Passwall              Tmut/Erth      5%         N/A       21%         2

Your spell library contained the following spells:

 Spells                   Type           Power      Damage    Failure   Level
 Necrotise                Necr           100%       1d9       1%          1
 Apportation              Tloc           12%        N/A       13%         1
 Magic Dart               Conj           24%        1d4       13%         1
 Summon Small Mammal      Summ           24%        N/A       13%         1
 Animate Dead             Necr           28%        N/A       19%         4
 Call Imp                 Summ           12%        N/A       21%         2
 Mephitic Cloud           Conj/Pois/Air  6%         N/A       36%         3
 Swiftness                Air            6%         N/A       36%         3
 Summon Ice Beast         Ice/Summ       17%        N/A       45%         4
 Haunt                    Necr/Summ      8%         N/A       100%        7
 Infestation              Necr           14%        N/A       100%        8


Dungeon Overview and Level Annotations

Branches:
Dungeon (8/15)             Temple (1/1) D:4
   Lair: D:8-11

Altars:
Ashenzari
Cheibriados
Dithmenos
Elyvilon
Fedhas
Gozag
Kikubaaqudgha
Makhleb
Nemelex Xobeh
Okawaru
Ru
Trog
Uskayaw
Vehumet
Wu Jian
Xom
Yredelemnul
Zin
The Shining One

Shops:
D:7 [

Annotations:
D:4 Grinder
D:8 Gastronok


Innate Abilities, Weirdness & Mutations

You are small and have problems with some larger weapons.
You are completely attuned to the shadows.


Message History

Casting: Frozen Ramparts (dangerous; 6% risk of failure)
Confirm with . or Enter, or press ? or * to list all spells.
Casting: Frozen Ramparts (dangerous; 6% risk of failure)
Press: ? - help, Dir - look around, f - activate The walls around you are covered in ice.
The wall freezes Gastronok but does no damage.
Gastronok bites you but does no damage.
You hit Gastronok.
Gastronok writhes in agony.
Gastronok is lightly wounded.
You hit Gastronok.
Gastronok writhes in agony.
Gastronok is lightly wounded.
You hit Gastronok but do no damage.
Gastronok writhes in agony.
Gastronok is lightly wounded.
The wall freezes Gastronok but does no damage.
Gastronok bites you.
You hit Gastronok but do no damage.
Gastronok is lightly wounded.
You hit Gastronok but do no damage.
Gastronok is lightly wounded.
You hit Gastronok.
Gastronok writhes in agony.
Gastronok is lightly wounded.
The wall freezes Gastronok.
Gastronok looks at you and mumbles some strange words.
You feel yourself slow down.
You hit Gastronok.
Gastronok writhes in agony.
Gastronok is lightly wounded.
You hit Gastronok.
Gastronok writhes in agony.
Gastronok is moderately wounded.
You hit Gastronok but do no damage.
Gastronok is moderately wounded.
The frozen ramparts melt away.
Gastronok waves his eye-stalks in wide circles.
The air twists around and strikes you!!
Your magical contamination has completely faded away.
You hit Gastronok.
Gastronok writhes in agony.
Gastronok is moderately wounded.
Gastronok bites you!!
Ouch! That really hurt!
You die...
Kikubaaqudgha rasps: "You have failed me!
Welcome... death!"

#.## #.##.###.# #.#
#.##...#.# #.#
#.##...#.# #'##
#.##...#.# ...##
#.###.##.#
.(..###.###.##.#
.....##........#
......####...########
......'.........@w...
......####...########
.....## ##.## ....##
#.# ...## #.# #'##
#..... #.######.#
....<(##.# #)###.##.#


You could see Gastronok.

Vanquished Creatures
  A steam dragon (D:7)
  A black bear (D:6)
  An ice beast (D:7)
  4 centaurs
  A phantom (D:5)
  2 scorpions (D:6)
  A hound (D:5)
  4 jellies (D:6)
  2 gnoll boudas
  An orc priest (D:7)
  2 iguanas (D:5)
  2 sleepcaps
  Natasha (D:2)
  3 orc wizards
  Robin (D:4)
  12 gnolls
  9 adders
  2 white imps (D:7)
  An ufetubus (D:6)
  An adder zombie (D:2)
  3 worms
  3 dart slugs (D:2)
  11 orcs
  A bat skeleton (D:2)
  9 endoplasms
  4 giant cockroaches
  11 goblins
  11 hobgoblins
  11 kobolds
  4 quokkas
  7 ball pythons
  2 ball python skeletons (D:2)
  A ball python zombie (D:2)
  8 bats
  3 frilled lizards
  6 rats
147 creatures vanquished.

Vanquished Creatures (others)
  10 fungi (D:6)
  4 toadstools (D:7)
  20 withered plants (D:2)
34 creatures vanquished.

Grand Total: 181 creatures vanquished

Notes
Turn   | Place    | Note
-------+----------+-------------------------------------------
     0 | D:1      | Engwar the Kobold Ice Elementalist began the quest for the
                  | Orb.
     0 | D:1      | Reached XP level 1. HP: 10/10 MP: 3/3
   209 | D:1      | Reached XP level 2. HP: 12/16 MP: 0/5
   594 | D:1      | Reached skill level 1 in Fighting
   858 | D:1      | Reached XP level 3. HP: 19/20 MP: 6/6
   862 | D:1      | Learned a level 3 spell: Frozen Ramparts
   866 | D:1      | Learned a level 3 spell: Ozocubu's Armour
   944 | D:1      | Reached skill level 1 in Staves
  1730 | D:2      | Found a sacrificial altar of Ru.
  1737 | D:2      | Reached XP level 4. HP: 24/25 MP: 3/8
  2372 | D:2      | Found a faded altar of an unknown god.
  2471 | D:2      | Reached XP level 5. HP: 30/30 MP: 6/9
  2763 | D:2      | Noticed Natasha
  2772 | D:2      | Killed Natasha
  2901 | D:2      | Identified the +4 dagger "Orb Guardian's Peril" {pain, rC+
                  | Str+2 Int+4}
  2917 | D:2      | Learned a level 2 spell: Ensorcelled Hibernation
  3528 | D:3      | Found a sacrificial altar of Ru.
  3630 | D:3      | Identified the +1 spear "Verufano" {heavy, *Slow rN+ Dex+3}
  4238 | D:4      | Reached skill level 1 in Short Blades
  4291 | D:4      | Reached XP level 6. HP: 35/36 MP: 7/11
  4309 | D:4      | Reached skill level 1 in Necromancy
  4358 | D:4      | Noticed Robin
  4364 | D:4      | Killed Robin
  4399 | D:4      | Noticed Grinder
  4883 | D:4      | Found a staircase to the Ecumenical Temple.
  4890 | Temple   | Entered the Ecumenical Temple
  4893 | Temple   | Found a transporter.
  4893 | Temple   | Found a transporter.
  4895 | Temple   | Found a transporter.
  4895 | Temple   | Found a transporter.
  5053 | D:5      | Entered Level 5 of the Dungeon
  5170 | D:5      | Upgraded the game from 0.30-a0-867-g305f33218d to
                  | 0.30-a0-1164-ge08a67761e
  5236 | D:5      | Reached XP level 7. HP: 40/40 MP: 12/12
  5469 | D:5      | Identified the +0 rapier of Toiwubb {heavy, MP+9 Str-3
                  | Stlth+}
  6070 | D:6      | Reached skill level 5 in Stealth
  6079 | D:6      | Reached XP level 8. HP: 45/45 MP: 14/14
  6261 | D:6      | Found a glowing silver altar of Zin.
  6377 | D:6      | Found a sparkling altar of Nemelex Xobeh.
  6477 | D:6      | Reached skill level 5 in Short Blades
  6525 | D:6      | Reached skill level 5 in Spellcasting
  6764 | D:6      | Found a broken altar of Ashenzari.
  6764 | D:6      | Found an ancient bone altar of Kikubaaqudgha.
  6765 | D:6      | Found a burning altar of Makhleb.
  6769 | D:6      | Became a worshipper of Kikubaaqudgha
  8057 | D:7      | Found Erotyk's Antique Armour Shoppe.
  8063 | D:7      | Bought a pair of embroidered boots for 202 gold pieces
  8068 | D:7      | Bought a shiny buckler for 202 gold pieces
  8076 | D:7      | Learned a level 2 spell: Passwall
  8096 | D:7      | Reached XP level 9. HP: 49/49 MP: 17/17
  8143 | D:7      | Reached skill level 1 in Shields
  8826 | D:8      | Noticed Gastronok
  8841 | D:8      | Mangled by Gastronok

Illustrated notes

Levels and vault maps discovered:
D:1:      ebering_trefoil_3fold, layout_basic, st_stairs_5
D:2:      minmay_spotlight, layout_basic,
          hellmonk_ecumenical_altar_pennies_from_heaven, basic_altar,
          minmay_misc_feat_five, dilly_guarded_unrand_morg
D:3:      layout_loops_cross, nicolae_ru_the_path_less_chosen,
          nicolae_kite_square_tiling_tiny
D:4:      layout_loops_corners, minmay_temple_entry_gardened_gates,
          uniq_grinder, uniq_robin
D:5:      layout_loops_cross
D:6:      layout_basic, nicolae_overflow_hidden_temple,
          mainiacjoe_overflow_cross_hatched,
          chequers_temple_overflow_statue_of_worship, minmay_manual_mares
D:7:      layout_gridville, serial_shops, shop, minmay_gold_behind_fungi,
          kb_lookout_dungeons_type
D:8:      layout_loops_corners, gammafunk_ghost_berserking_beasts,
          uniq_gastronok, uniq_pikel
Temple:   hellmonk_temple_divided_pantheon

Skill      XL: |  1  2  3  4  5  6  7  8  9 |
---------------+----------------------------+-----
Fighting       | 1 2 |  2.3
Staves         | 1 2 |  2.0
Spellcasting   | 3 4 5 |  5.4
Short Blades   | 1 2 4 7 |  7.7
Stealth        | 3 4 5 7 |  7.4
Necromancy     | 1 2 4 |  4.6
Shields        | 1 |  1.3
Dodging        | |  2.4
Ice Magic      | |  4.6

Action                     |  1- 3 |  4- 6 |  7- 9 || total
---------------------------+-------+-------+-------++-------
  Melee: Quarterstaff      |    50 |    54 |       ||   104
         Dagger            |       |    76 |   135 ||   211
         Punch             |       |     1 |     1 ||     2
   Cast: Freeze            |    29 |    23 |       ||    52
         Ozocubu's Armour  |     1 |       |       ||     1
         Ensorcelled Hiber |       |    11 |       ||    11
         Frozen Ramparts   |       |     1 |     3 ||     4
    Use: Scroll            |       |     7 |    11 ||    18
   Stab: Sleeping          |    12 |    32 |    19 ||    63
         Distracted        |       |     2 |       ||     2
 Armour: Robe              |    10 |    23 |     8 ||    41
         Steam dragon scal |       |       |     6 ||     6
  Dodge: Dodged            |    46 |   137 |    67 ||   250
  Block: Buckler           |       |       |     4 ||     4

Table legend: (Time is in decaauts)
 A = Elapsed time spent in this place.
 B = Non-inter-level travel time spent in this place.
 C = Inter-level travel time spent in this place.
 D = Time resting spent in this place.
 E = Time spent auto-exploring this place.
 F = Levels seen in this place.
 G = Mean time per level.
                   A        B        C        D        E       F      G
               +--------+--------+--------+--------+--------+-----+--------+
         Total |   8839 |   8366 |    473 |    286 |   6603 |   9 |  982.1 |
       Dungeon |   8757 |   8284 |    473 |    286 |   6603 |   8 | 1094.6 |
        Temple |     81 |     81 |      0 |      0 |      0 |   1 |   81.0 |
               +--------+--------+--------+--------+--------+-----+--------+

Top non-repeatable levels by time:
     D:2: 1639 daAuts
     D:1: 1389 daAuts
     D:7: 1323 daAuts
     D:6: 1250 daAuts
     D:3: 1015 daAuts
     D:5: 976 daAuts
     D:4: 958 daAuts
     D:8: 205 daAuts
  Temple: 81 daAuts
